 Dungeon Crawl Stone Soup version 0.13-a0-2531-g2ad9301 (webtiles) character file.

2139 Rycklaryybbe the Arsonist (level 8, -2/57 HPs)
             Began as a Purple Draconian Fire Elementalist on July 26, 2013.
             Slain by Edmund
             ... wielding a +2,+2 flail of protection
              (5 damage)
             ... on Level 5 of the Dungeon.
             The game lasted 00:31:58 (6481 turns).

Rycklaryybbe the Arsonist (DrFE)                    Turns: 6481, Time: 00:31:58

HP  -2/57        AC  9     Str 12      XL: 8   Next: 75%
MP  17/21        EV 11     Int 17      God:
Gold 415         SH  0     Dex  7 (11) Spells:  3 memorised, 13 levels left

Res.Fire  : + . .   See Invis. : .   r - +1 whip (flame) (curse)
Res.Cold  : x . .   Warding    : .   (armour unavailable)
Life Prot.: . . .   Conserve   : .   (no shield)
Res.Poison: .       Res.Corr.  : .   (helmet restricted)
Res.Elec. : .       Clarity    : .   o - +0 cloak (curse)
Sust.Abil.: . .     Spirit.Shd : .   (no gloves)
Res.Mut.  : .       Stasis     : .   j - +1 pair of boots (curse)
Res.Rott. : .       Flight     : .   (no amulet)
Saprovore : . . .                    (no ring)
                                     g - cursed ring of fire

@: somewhat resistant to hostile enchantments, unstealthy
A: breathe power, unfitting armour, AC +6
a: Breathe Dispelling Energy


You were on level 5 of the Dungeon.
You were not hungry.

You visited 2 branches of the dungeon, and saw 7 of its levels.
You also visited: Ossuary.

You collected 395 gold pieces.

Inventory:

Hand weapons
 a - a cursed +0,+0 dagger (quivered)
 k - a cursed +0,+0 whip
 m - a cursed +0,+0 long sword
 r - a cursed +1,+1 whip of flaming (weapon)
 t - a cursed +2,+2 elven dagger of protection
 B - a cursed +1,+3 whip
 I - a cursed -3,-3 dwarven short sword
Armour
 f - a cursed +0 pair of elven boots
 j - a cursed +1 pair of boots (worn)
 o - a cursed +0 cloak (worn)
Comestibles
 c - 4 bread rations
Scrolls
 e - a scroll of recharging
 p - a scroll of enchant armour
 s - 2 scrolls of teleportation
 v - 3 scrolls of identify
 x - a scroll of amnesia
 D - 3 scrolls of remove curse
Jewellery
 d - an uncursed ring of sustain abilities {unknown}
 g - a cursed ring of fire (left hand)
Potions
 h - a potion of heal wounds
 i - 2 potions of agility {unknown}
 l - 10 potions of curing
 n - 3 potions of berserk rage
 q - 3 potions of brilliance
 u - 2 potions of speed
 w - 2 potions of restore abilities
Books
 b - a book of Flames

   Spells                             Type                      Level
   *Flame Tongue                      Conjuration/Fire             1
   Throw Flame                        Conjuration/Fire             2
   *Conjure Flame                     Conjuration/Fire             3
   Inner Flame                        Hexes/Fire                   3
   *Sticky Flame                      Conjuration/Fire             4
   Fireball                           Conjuration/Fire             5
 E - a book of Callings

   Spells                             Type                      Level
   Summon Small Mammal                Summoning                    1
   Call Imp                           Summoning                    2
   Call Canine Familiar               Summoning                    3
   Summon Scorpions                   Summoning/Poison             4
   Summon Ice Beast                   Ice/Summoning                4


   Skills:
 - Level 1.7 Dodging
 - Level 1.7 Stealth
 - Level 7.1 Spellcasting
 + Level 3.0 Conjurations
 + Level 9.2 Fire Magic


You had 13 spell levels left.
You knew the following spells:

 Your Spells              Type           Power        Failure   Level  Hunger
a - Flame Tongue          Conj/Fire      #####        1%          1    None
b - Conjure Flame         Conj/Fire      #####...     3%          3    ##.....
c - Sticky Flame          Conj/Fire      #####...     12%         4    ####...


Dungeon Overview and Level Annotations

Branches:
Dungeon (6/27)             Temple (1/1) D:4             Orc (0/4) D:6

Altars:
Ashenzari
Cheibriados
Fedhas
Kikubaaqudgha
Makhleb
Nemelex Xobeh
Okawaru
Xom
Zin
the Shining One

Shops:
D:5: +

Annotations
D:4 exclusion: ogre
D:5 Edmund


Message History

You kill the warg!
Your Conjurations skill increases to level 3!
Edmund clears his throat.
Found 12 gold pieces.
The orc priest glows brightly for a moment.
An orc warrior comes into view.
It is wielding a glowing orcish scimitar.
The orc warrior shouts!
The orc warrior throws an orcish hand axe.
The orcish hand axe misses you.
There is a stone staircase leading up here.
Edmund hits you with a glowing flail.
The orc warrior hits you with a glowing orcish scimitar!
* * * LOW HITPOINT WARNING * * *
You climb upwards.
There is a stone staircase leading down here.
Unknown command.
Read which item? (? for menu, Esc to quit)
Okay, then.
Edmund hits you with a glowing flail.
You die...

###
..##############################
.................?.............#
..#####...........############.#
..# #.#######.#.############.#
..# #.####..o>@.........<....#
### #....#.##@#.############.#
##########.#.##.#.# #.#
.........#...##.#.# #.#
......##.#.####.#+### #.#
...........#.##.....# #.#
.......#<....##.....# #.#
.......#.#.#.##.....# #.#
.....###.#.#.##.....# #.#


You could see Edmund and an orc warrior.

Vanquished Creatures
  Pikel (D:5)
  A sky beast (D:5)
  3 slaves (D:5)
  2 ogres (D:5)
  2 centaurs (D:5)
  A warg (D:6)
  2 crimson imps (D:5)
  2 orc priests
  A centaur skeleton (D:5)
  3 hounds
  An iguana (D:3)
  3 orc wizards
  2 worker ants
  An ogre skeleton (D:5)
  Terence (D:3)
  11 mummies
  7 adders
  3 worms
  An adder skeleton (D:5)
  A giant eyeball (D:4)
  4 giant geckos
  An ooze (D:1)
  17 orcs
  6 giant cockroaches
  2 gnoll zombies (Ossuary)
  10 goblins
  7 hobgoblins
  3 jackals (D:2)
  14 kobolds
  A ball python (D:1)
  12 bats
  7 giant newts
  A hobgoblin zombie (Ossuary)
  3 kobold zombies (Ossuary)
  2 orc zombies (Ossuary)
  A quokka (D:5)
  9 rats
149 creatures vanquished.

Notes
Turn   | Place    | Note
--------------------------------------------------------------
     0 | D:1      | Rycklaryybbe, the Draconian Fire Elementalist, began the quest for the Orb.
     0 | D:1      | Reached XP level 1. HP: 14/14 MP: 3/3
   285 | D:1      | Reached XP level 2. HP: 17/20 MP: 2/4
   745 | D:1      | Reached XP level 3. HP: 26/26 MP: 3/5
  1394 | D:2      | Reached skill level 4 in Fire Magic
  1699 | D:2      | Reached XP level 4. HP: 33/33 MP: 5/7
  1704 | D:2      | Learned a level 3 spell: Conjure Flame
  2113 | D:3      | Noticed Terence
  2131 | D:3      | Killed Terence
  2382 | D:3      | Reached XP level 5. HP: 16/38 MP: 5/10
  3040 | D:3      | Found a shimmering altar of Xom.
  3087 | D:3      | Found a glowing golden altar of the Shining One.
  3389 | D:4      | Noticed an ogre
  3411 | D:4      | Paralysed by a giant eyeball for 2 turns
  3505 | D:4      | Reached XP level 6. HP: 45/45 MP: 10/14
  3714 | D:4      | Found a blossoming altar of Fedhas.
  3913 | D:4      | Found a staircase to the Ecumenical Temple.
  4030 | Temple   | Entered the Ecumenical Temple
  4335 | D:4      | Paralysed by a potion of paralysis for 7 turns
  4362 | D:4      | Reached skill level 5 in Spellcasting
  4420 | D:5      | Entered Level 5 of the Dungeon
  4537 | D:4      | HP: 1/45 [something (6)]
  4906 | D:5      | Your scales start taking on a rich purple colour.
  4906 | D:5      | Reached skill level 7 in Spellcasting
  4906 | D:5      | Reached XP level 7. HP: 50/50 MP: 20/20
  4912 | D:5      | Learned a level 4 spell: Sticky Flame
  5180 | D:5      | Reached skill level 5 in Fire Magic
  5254 | D:5      | Noticed Pikel
  5266 | D:5      | Killed Pikel
  5266 | D:5      | Reached XP level 8. HP: 50/57 MP: 9/21
  5391 | D:5      | Reached skill level 8 in Fire Magic
  5727 | D:5      | Found Ahuoghool's Book Boutique.
  5824 | D:5      | Found a sand-covered staircase.
  5832 | Ossuary  | Entered an ossuary
  5986 | Ossuary  | Reached skill level 9 in Fire Magic
  6458 | D:6      | Found a staircase to the Orcish Mines.
  6458 | D:6      | Noticed Edmund
  6479 | D:6      | HP: 2/57 [orc warrior/glowing orcish scimitar (25)]
  6481 | D:5      | Slain by Edmund

Action                   |  1- 3 |  4- 6 |  7- 9 || total
-------------------------+-------+-------+-------++-------
Melee: Dagger            |    26 |       |       ||    26
       Unarmed           |    10 |       |       ||    10
       Whip              |    73 |    55 |    55 ||   183
       Short sword       |       |    36 |       ||    36
 Cast: Flame Tongue      |    44 |   138 |    82 ||   264
       Conjure Flame     |       |     2 |     1 ||     3
       Sticky Flame      |       |       |    12 ||    12
  Use: Potion            |       |     8 |     6 ||    14
       Scroll            |       |    17 |     1 ||    18
 Stab: Sleeping          |       |       |     1 ||     1
       Distracted        |       |       |     1 ||     1
